 Dungeon Crawl Stone Soup version 0.30-a0-218-gedb9141078 (webtiles) character file.

Game seed: 7335179275198151879

21 billz999 the Magician (level 2, -5/23 HPs)
             Began as a Gnoll Wanderer on Oct 6, 2022.
             Slain by a gnoll
             ... wielding a +0 flail
              (7 damage)
             ... on level 1 of the Dungeon.
             The game lasted 00:03:01 (725 turns).

billz999 the Magician (Gnoll Wanderer)               Turns: 725, Time: 00:03:02

Health: -5/23      AC:  3    Str:  9    XL:     2   Next: 87%
Magic:  6/10       EV: 12    Int: 11    God:
Gold:   84         SH:  0    Dex: 13    Spells: 12/15 levels left

rFire   . . .      SeeInvis .    a - +0 dagger
rCold   . . .      Faith    .    (no shield)
rNeg    . . .      Spirit   .    c - +0 robe
rPois   .          Reflect  .    (no helmet)
rElec   .          Harm     .    (no cloak)
rCorr   .          Rampage  .    (no gloves)
Will    .....                    d - +0 pair of boots
Stlth   ++........               (no amulet)
HPRegen 0.23/turn                (no ring)
MPRegen 0.12/turn                (no ring)

@: no status effects
A: fangs 1, strong nose, distributed training
a: no special abilities


You were on level 1 of the Dungeon.
You visited 1 branch of the dungeon, and saw 2 of its levels.

You collected 84 gold pieces.

Inventory:

Hand Weapons
 a - a +0 dagger (weapon)
Armour
 c - a +0 robe (worn)
 d - a +0 pair of boots (worn)
Scrolls
 e - a scroll of fog {unknown}
 f - a scroll of immolation {unknown}
 g - a scroll of amnesia {unknown}
 i - a scroll of identify {unknown}


   Skills:
 + Level 2.5 Fighting
 + Level 0.5 Short Blades
 + Level 0.5 Long Blades
 + Level 0.5 Axes
 + Level 0.5 Maces & Flails
 + Level 0.5 Polearms
 + Level 0.5 Staves
 + Level 0.5 Ranged Weapons
 + Level 0.5 Throwing
 + Level 0.5 Armour
 + Level 2.5 Dodging
 + Level 2.3 Stealth
 + Level 0.5 Shields
 + Level 0.5 Unarmed Combat
 + Level 7.1 Spellcasting
 + Level 0.4 Conjurations
 + Level 0.4 Hexes
 + Level 0.4 Summonings
 + Level 0.4 Necromancy
 + Level 5.4 Translocations
 + Level 0.4 Transmutations
 + Level 0.4 Fire Magic
 + Level 0.4 Ice Magic
 + Level 0.4 Air Magic
 + Level 0.4 Earth Magic
 + Level 0.4 Poison Magic
 + Level 0.7 Invocations
 + Level 0.5 Evocations


You had 12 spell levels left.
You knew the following spells:

 Your Spells              Type           Power      Damage    Failure   Level
a - Sandblast             Erth           8%         2d5       14%         1
b - Wereblood             Tmut           4%         N/A       22%         2

Your spell library contained the following spells:

 Spells                   Type           Power      Damage    Failure   Level
 Apportation              Tloc           30%        N/A       1%          1
 Gell's Gravitas          Tloc           15%        N/A       5%          3
 Lesser Beckoning         Tloc           30%        N/A       5%          3
 Teleport Other           Tloc           15%        N/A       5%          3
 Freeze                   Ice            16%        1d4       14%         1
 Vhi's Electric Charge    Tloc/Air       20%        N/A       16%         3
 Confusing Touch          Hex            4%         N/A       41%         3
 Animate Armour           Summ/Erth      8%         N/A       82%         4
 Blade Hands              Tmut           2%         N/A       99%         5
 Iron Shot                Conj/Erth      2%         9d2       100%        6


Dungeon Overview and Level Annotations

Branches:
Dungeon (2/15)

Altars:


Innate Abilities, Weirdness & Mutations

You have very sharp teeth.
Your uncanny sense of smell can sniff out nearby items.
Your experience applies equally to all skills.


Message History

You see here a giant cockroach corpse.
Magic restored.
A gnoll is nearby!
You start to feel less resistant.
Your resistance to elements expires.
A gnoll is nearby!
Casting: Sandblast (safe; 14% risk of failure)
Confirm with . or Enter, or press ? or * to list all spells.
Aiming: Sandblast (safe; 14% risk of failure)
Press: ? - help, Shift-Dir - straight line, f - gnoll
Aim: a gnoll, wielding a +0 flail (lightly wounded, 83% to hit)
The blast of sand hits the gnoll but does no damage.
The gnoll is lightly wounded.
Casting: Sandblast (safe; 14% risk of failure)
Confirm with . or Enter, or press ? or * to list all spells.
Aiming: Sandblast (safe; 14% risk of failure)
Press: ? - help, Shift-Dir - straight line, f/p - gnoll
Aim: a gnoll, wielding a +0 flail (lightly wounded, 83% to hit)
The blast of sand hits the gnoll!
The gnoll is severely wounded.
The gnoll hits you with a +0 flail.
* * * LOW HITPOINT WARNING * * *
Casting: Sandblast (safe; 14% risk of failure)
Confirm with . or Enter, or press ? or * to list all spells.
Aiming: Sandblast (safe; 14% risk of failure)
Press: ? - help, Shift-Dir - straight line, f/p - gnoll
Aim: a gnoll, wielding a +0 flail (severely wounded, 83% to hit)
The blast of sand misses the gnoll.
The gnoll hits you with a +0 flail.
* * * LOW HITPOINT WARNING * * *
Unknown command.
Okay, then.
Casting: Sandblast (safe; 14% risk of failure)
Confirm with . or Enter, or press ? or * to list all spells.
Aiming: Sandblast (safe; 14% risk of failure)
Press: ? - help, Shift-Dir - straight line, f/p - gnoll
Aim: a gnoll, wielding a +0 flail (severely wounded, 83% to hit)
The blast of sand hits the gnoll.
The gnoll is almost dead.
The gnoll closely misses you. The gnoll hits you with a +0 flail!
You die...

#.#.####### #.#.......#
#.#######.# #.# #.#########
#.#######..........
#.#....############
#.#.##.##.......#.. #
#.#...###.#####.#.# #
#.@....##.#.....#.# ##
###g......#.#####.# .#
#.#..####.....#.# .##
#.###########.#.. ..##
#.......g...#.##. ...#
###########.#.##. #..## #.#.##.
##..# #.#....
#..#######################.#####


You could see a gnoll.

Vanquished Creatures
  A dart slug (D:1)
  3 giant cockroaches (D:1)
  4 goblins
  2 hobgoblins (D:1)
  A quokka (D:1)
  A bat (D:1)
  4 frilled lizards (D:1)
  2 rats (D:1)
18 creatures vanquished.

Vanquished Creatures (others)
  30 plants (D:1)
30 creatures vanquished.

Grand Total: 48 creatures vanquished

Notes
Turn   | Place    | Note
-------+----------+-------------------------------------------
     0 | D:1      | billz999 the Gnoll Wanderer began the quest for the Orb.
     0 | D:1      | billz999 set off with the following items: a +0 dagger, a
                  | scroll of fear, a +0 robe, a +0 pair of boots; and the
                  | following spells available to memorise: Apportation,
                  | Freeze, Sandblast, Vhi's Electric Charge, Wereblood,
                  | Confusing Touch.
     0 | D:1      | Reached XP level 1. HP: 17/17 MP: 8/8
    12 | D:1      | Learned a level 1 spell: Sandblast
   175 | D:1      | Reached XP level 2. HP: 23/23 MP: 6/10
   439 | D:1      | Found a faded altar of an unknown god.
   655 | D:1      | Learned a level 2 spell: Wereblood
   724 | D:1      | HP: 1/23 [gnoll/+0 flail (5)]
   725 | D:1      | Slain by a gnoll

Illustrated notes

Levels and vault maps discovered:
D:1:      roderic_crop_circles_arrival_small, layout_basic,
          hellmonk_ecumenical_altar_run_dry
D:2:      layout_basic

Action                   || total
-------------------------++-------
Melee: Dagger            ||    41
       Bite              ||     3
       Punch             ||     1
 Cast: Sandblast         ||    17
  Use: Potion            ||     2
       Scroll            ||     1
 Stab: Sleeping          ||     6
Armor: Robe              ||    13
       Skin              ||    11
Dodge: Dodged            ||    29

Table legend: (Time is in decaauts)
 A = Elapsed time spent in this place.
 B = Non-inter-level travel time spent in this place.
 C = Inter-level travel time spent in this place.
 D = Time resting spent in this place.
 E = Time spent auto-exploring this place.
 F = Levels seen in this place.
 G = Mean time per level.
                   A        B        C        D        E       F      G
               +--------+--------+--------+--------+--------+-----+--------+
         Total |    732 |    705 |     27 |      0 |    536 |   2 |  366.0 |
       Dungeon |    732 |    705 |     27 |      0 |    536 |   2 |  366.0 |
               +--------+--------+--------+--------+--------+-----+--------+

Top non-repeatable levels by time:
     D:1: 721 daAuts
     D:2: 11 daAuts
